 Dungeon Crawl Stone Soup version 0.25.1-2-g60ff931df9 (webtiles) character file.

Game seed: 13414421269001004502

786 Chimkentus the Sneak (level 7, 0/73 HPs)
             Began as an Octopode Assassin on Aug 31, 2020.
             Slain by an orc
             ... wielding a +0 dagger
              (2 damage)
             ... on level 4 of the Dungeon.
             The game lasted 00:32:36 (4848 turns).

Chimkentus the Sneak (Octopode Assassin)            Turns: 4848, Time: 00:32:37

Health: 0/73       AC: 30    Str: 10    XL:     7   Next: 86%
Magic:  7/7        EV:  2    Int: 13    God:
Gold:   172        SH:  0    Dex: 16    Spells: 6/6 levels left

rFire    + . .     SeeInvis .   u - +0 mace (protect)
rCold    x . .     Gourm    .   (no shield)
rNeg     + + +     Faith    .   (helmet currently unavailable)
rPois    +         Spirit   .   (no amulet)
rElec    .         Reflect  .   c - ring of poison resistance
rCorr    .         Harm     .   r - ring of positive energy
MR       .....     NoTele   +   t - ring of fire
Stlth    +++.......             w - ring of wizardry
HPRegen  0.22/turn              (no ring)
MPRegen  0.10/turn              (no ring)
                                (no ring)
                                (no ring)

@: tree-form, protection aura, stab, hasted, very quick
A: almost no armour, stealthy swim, (amphibious), 8 rings, (constrict 8),
evolution 2
a: no special abilities


You were on level 4 of the Dungeon.
You were not hungry.
You were a tree.
You visited 1 branch of the dungeon, and saw 4 of its levels.

You collected 172 gold pieces.

Inventory:

Hand Weapons
 a - a +2 dagger
 b - a +0 hunting sling
 u - a +0 mace of protection (weapon)
 C - a +0 dagger of draining
Missiles
 e - 213 stones
 j - 27 sling bullets
 o - 17 poisoned darts (quivered)
 v - 39 arrows
 A - 5 boomerangs
Jewellery
 c - a ring of poison resistance (left branch)
 r - a ring of positive energy (right branch)
 t - a ring of fire (on tentacle)
 w - a ring of wizardry (on tentacle)
 x - an uncursed ring of fire
Scrolls
 f - a scroll of magic mapping
 g - a scroll of identify
 m - 3 scrolls of remove curse
 y - 3 scrolls of amnesia {unknown}
Potions
 l - a potion of mutation
 p - a potion of flight
Comestibles
 d - 9 rations
 s - 6 chunks of flesh


   Skills:
 * Level 4.5 Fighting
 + Level 3.0 Short Blades
 + Level 1.6 Maces & Flails
 + Level 3.8(4.6) Slings
 + Level 4.1(4.8) Throwing
 * Level 3.7 Dodging
 - Level 5.3 Stealth


You had 6 spell levels left.
You didn't know any spells.
Your spell library was empty.

Dungeon Overview and Level Annotations

Branches:
Dungeon (4/15)
 Temple: D:4-7

Altars:
Makhleb
Ru
Uskayaw
The Shining One

Annotations:
D:4 Duvessa


Innate Abilities, Weirdness & Mutations

You cannot wear most types of armour.
You are very stealthy in the water. (Stealth+)
((You are amphibious.))
You can wear up to eight rings at the same time.
((You can use your tentacles to constrict eight enemies at once.))
((Your skin changes colour to match your surroundings (Stealth+).))
((Your rubbery body absorbs attacks. (AC +1, EV +1)))
((You are partially covered in slimy green scales. (AC +2)))
You rapidly evolve.


Message History

The orc wizard hits you but does no damage.
Duvessa hits you with a +0 short sword.
* * * LOW HITPOINT WARNING * * *
Something hits you but does no damage.
Okay, then.
Okay, then.
Okay, then.
As you read the scroll labeled ANUIRO CIGA, it crumbles to dust.
You cannot blink because you are held in place by your roots.
It was a scroll of blinking.
The orc wizard hits you but does no damage.
The orc hits you but does no damage. x2
The orc wizard gestures at you while chanting.
The magic dart hits you but does no damage.
Something hits you but does no damage.
Okay, then.
As you read the scroll labeled JOLOOMINAR, it crumbles to dust.
The creatures around you are filled with an inner flame!
It was a scroll of immolation.
The orc hits you with a +0 dagger.
You die...

..# #..# #...###### ###
###.#####..## #.(.# #.#
....##......# #.(.# #.#
##...#.##...# ##(## #.#
#......##...########(# #.#
.))................#(####
#.#
#......####..#......(.....#
#.<
##)..#.####..#.##e...(###.#
###
.))###.........o♣o......#
#### ######.....{o.......
#.....(...#....
#..(.......#.###
#...##..##.#.# #(..#...# .#
# #........ .. #.###..... .


You could see Duvessa (inner flame, slow), an orc wizard (fast, inner flame) and
2 orcs.

Vanquished Creatures
  An ogre (D:4)
  Dowan (D:4)
  A howler monkey (D:4)
  A bullfrog zombie (D:4)
  A hound (D:4)
  3 worker ants (D:4)
  4 orc wizards
  Robin (D:2)
  12 adders
  12 gnolls
  An ooze (D:1)
  2 dart slugs (D:1)
  7 leopard geckos
  15 orcs
  9 giant cockroaches
  10 hobgoblins
  16 kobolds
  2 quokkas (D:4)
  11 bats
  3 frilled lizards
  15 goblins
  7 rats
135 creatures vanquished.

Notes
Turn   | Place    | Note
-------+----------+-------------------------------------------
     0 | D:1      | Chimkentus the Octopode Assassin began the quest for the
                  | Orb.
     0 | D:1      | Reached XP level 1. HP: 14/14 MP: 1/1
   111 | D:1      | Reached XP level 2. HP: 14/19 MP: 2/2
   447 | D:1      | Reached XP level 3. HP: 25/25 MP: 3/3
  1125 | D:2      | Found a hide-covered altar of Uskayaw.
  1223 | D:2      | Noticed Robin
  1245 | D:2      | Killed Robin
  1245 | D:2      | Reached XP level 4. HP: 17/30 MP: 4/4
  1639 | D:2      | Reached XP level 5. HP: 28/36 MP: 5/5
  2240 | D:2      | Found a glowing golden altar of the Shining One.
  2977 | D:3      | Reached XP level 6. HP: 42/42 MP: 6/6
  3332 | D:3      | Reached skill level 1 in Slings
  3416 | D:3      | Found a burning altar of Makhleb.
  3854 | D:4      | Found a sacrificial altar of Ru.
  4155 | D:4      | Reached XP level 7. HP: 44/47 MP: 7/7
  4298 | D:4      | Reached skill level 1 in Maces & Flails
  4372 | D:4      | Noticed Dowan
  4391 | D:4      | Killed Dowan
  4583 | D:4      | Gained mutation: You are partially covered in slimy green
                  | scales. (AC +2) [potion of mutation]
  4583 | D:4      | Gained mutation: You evolve. [potion of mutation]
  4583 | D:4      | Gained mutation: You rapidly evolve. [potion of mutation]
  4812 | D:4      | Noticed Duvessa
  4846 | D:4      | HP: 1/73 [Duvessa/+0 short sword (5)]
  4848 | D:4      | Slain by an orc

Illustrated notes

Levels and vault maps discovered:
D:1:      dpeg_arrival_rooms_b, layout_loops_ring
D:2:      layout_loops_ring, eat_drink_and_be_merry_uskayaw, lemuel_round_altar,
          minivault_19, st_stairs_1, uniq_robin
D:3:      layout_loops_ring, lightli_temple_of_fire, kennysheep_boxes
D:4:      minmay_goblin_kobold_castle, layout_loops_cross, lemuel_round_altar,
          minmay_bisected, uniq_duvessa

Skill      XL: |  1  2  3  4  5  6  7 |
---------------+----------------------+-----
Dodging        | 2 3 |  3.7
Throwing       | 3 4 |  4.1
Fighting       | 3 4 |  4.5
Short Blades   | 3 |  3.0
Slings         | 2 3 |  3.8
Maces & Flails | 1 |  1.6
Stealth        | |  5.3

Action                   |  1- 3 |  4- 6 |  7- 9 || total
-------------------------+-------+-------+-------++-------
Melee: Dagger            |    37 |    74 |       ||   111
       Constrict         |    13 |    33 |    12 ||    58
       Tentacles         |    10 |    19 |    18 ||    47
       Mace              |       |    39 |    63 ||   102
 Fire: Hunting sling     |       |    84 |    49 ||   133
Throw: Dart              |    36 |    22 |    11 ||    69
       Stone             |     4 |    13 |       ||    17
  Use: Scroll            |     1 |       |     3 ||     4
       Potion            |       |       |     7 ||     7
 Stab: Sleeping          |     6 |    14 |       ||    20
  Eat: Chunk             |     1 |     9 |     2 ||    12
Armor: Skin              |     4 |    12 |    59 ||    75
Dodge: Dodged            |    16 |    66 |    51 ||   133
